 Dungeon Crawl Stone Soup version 0.26-a0-542-gbaa144b (webtiles) character file.

Game seed: 4342368376785596929

527524 Dorkslayer the Slayer (level 25, -1/260 (261) HPs)
             Began as a Hill Orc Fighter on Aug 15, 2020.
             Was the Champion of the Shining One.
             Engulfed by an ushabti's foul pestilence (4 damage)
             ... on level 1 of the Tomb of the Ancients on Aug 16, 2020.
             The game lasted 04:06:04 (46370 turns).

Dorkslayer the Slayer (Hill Orc Fighter)           Turns: 46370, Time: 04:06:04

HP:   -1/260 (261)  AC: 38    Str: 35    XL:     25   Next: 51%
MP:   22/37         EV: 16    Int:  8    God:    the Shining One [******]
Gold: 5657          SH: 21    Dex: 12    Spells: 24/24 levels left

rFire    + . .     SeeInvis .   Z - +9 eudemon blade (holy)
rCold    + . .     Faith    +   W - +5 kite shield {reflect}
rNeg     + + +     Spirit   .   B - +5 plate armour {MR+}
rPois    +         Reflect  +   O - +2 helmet of the Apothecary {+Fly rF+ rCorr Slay+2}
rElec    .         Harm     .   i - +2 cloak of Indemnity {rN++}
rCorr    +                      v - +2 pair of gloves {archery}
MR       +++..                  t - +1 pair of boots {run}
Stlth    ..........             z - amulet of faith
HPRegen  0.53/turn              o - +6 ring of strength
MPRegen  0.25/turn              w - ring of poison resistance

@: flayed, hasted and slowed, glowing, quick
A: iridescent scales 1, thin skeletal structure 1, cold resistance 1, magic
resistance 1, robust 1, screaming 1, weak 1, subdued magic 1, MP-powered wands
}: 3/15 runes: decaying, serpentine, silver
a: Divine Shield, Cleansing Flame, Summon Divine Warrior, Renounce Religion,
Evoke Flight


You were on level 1 of the Tomb of the Ancients.
You worshipped the Shining One.
The Shining One was exalted by your worship.
You visited 10 branches of the dungeon, and saw 44 of its levels.
You visited the Abyss 1 time.
You also visited: Gauntlet and Ice Cave.

You collected 8908 gold pieces.
You spent 3251 gold pieces at shops.

Inventory:

Hand Weapons
 x - a +9 scimitar of flaming
 Z - a +9 eudemon blade of holy wrath (weapon)
Missiles
 h - 26 javelins (quivered)
 y - 5 throwing nets
 J - 27 silver javelins
Armour
 i - the +2 cloak of Indemnity (worn) {rN++}
   (You found it on level 3 of the Elven Halls)

   It greatly protects you from negative energy.
 t - a +1 pair of boots of running (worn)
 v - a +2 pair of gloves of archery (worn)
 B - a +5 plate armour of magic resistance (worn)
 O - the +2 helmet of the Apothecary (worn) {+Fly rF+ rCorr Slay+2}
   (You bought it in a shop on level 2 of the Orcish Mines)

   It affects your accuracy and damage with ranged weapons and melee attacks
   (+2).
   It protects you from fire.
   It lets you fly.
   It provides partial protection from all sources of acid and corrosion.
 W - a +5 kite shield of reflection (worn)
Jewellery
 g - an uncursed ring of protection from fire
 o - a +6 ring of strength (left hand)
 w - a ring of poison resistance (right hand)
 z - an amulet of faith (around neck)
 K - an uncursed ring of protection from cold
Wands
 b - a wand of digging (27)
 c - a wand of paralysis (28)
 A - a wand of acid (42)
 N - a wand of disintegration (18)
 Q - a wand of iceblast (24)
 U - a wand of flame (103)
Scrolls
 a - 16 scrolls of identify
 e - 8 scrolls of magic mapping
 j - 26 scrolls of remove curse
 l - 7 scrolls of fog
 m - 12 scrolls of teleportation
 s - 5 scrolls of immolation
 G - 12 scrolls of blinking
 H - 10 scrolls of enchant armour
 T - 2 scrolls of holy word
 V - 3 scrolls of fear
Potions
 d - 14 potions of flight
 f - 3 potions of cancellation
 k - 2 potions of magic
 p - 6 potions of mutation
 r - a potion of might
 u - 8 potions of curing
 D - 5 potions of resistance
 F - 2 potions of ambrosia
 P - 2 potions of haste
 R - 3 potions of berserk rage
Miscellaneous
 n - a phantom mirror
 q - a phantom mirror
 C - a phantom mirror
 E - a tin of tremorstones (3/3)
 I - a lightning rod (4/4)
 L - a box of beasts (3/3)
 X - a phial of floods
 Y - a box of beasts (3/3)


   Skills:
 * Level 22.0 Fighting
 + Level 18.5 Long Blades
 * Level 13.7 Throwing
 * Level 17.0 Armour
 * Level 14.2 Dodging
 + Level 2.0 Stealth
 - Level 17.1 Shields
 * Level 20.9 Invocations
 * Level 15.4 Evocations


You had 24 spell levels left.
You didn't know any spells.
Your spell library contained the following spells:

 Spells                   Type           Power        Failure   Level
 Animate Skeleton         Necr           #.....       83%         1
 Apportation              Tloc           #.....       83%         1
 Beastly Appendage        Tmut           #.....       83%         1
 Corona                   Hex            #......      83%         1
 Freeze                   Ice            #...         83%         1
 Magic Dart               Conj           #...         83%         1
 Pain                     Necr           #...         83%         1
 Sting                    Tmut/Pois      #...         83%         1
 Summon Small Mammal      Summ           #...         83%         1
 Blink                    Tloc           N/A          93%         2
 Call Imp                 Summ           #.......     93%         2
 Corpse Rot               Necr/Air       N/A          93%         2
 Ensorcelled Hibernation  Hex/Ice        #.....       93%         2
 Poisonous Vapours        Pois/Air       #.....       93%         2
 Searing Ray              Conj           #.....       93%         2
 Slow                     Hex            #.......     93%         2
 Sublimation of Blood     Necr           #.........   93%         2
 Wereblood                Tmut           #.......     93%         2
 Call Canine Familiar     Summ           #.......     99%         3
 Confusing Touch          Hex            #.......     99%         3
 Conjure Flame            Conj/Fire      #.......     99%         3
 Dazzling Flash           Conj/Hex       #.....       99%         3
 Frozen Ramparts          Ice            #.....       99%         3
 Gell's Gravitas          Tloc           #.........   99%         3
 Ignite Poison            Fire/Tmut/Pois #.......     99%         3
 Inner Flame              Hex/Fire       #.......     99%         3
 Mephitic Cloud           Conj/Pois/Air  #.......     99%         3
 Ozocubu's Armour         Ice            #.......     99%         3
 Portal Projectile        Hex/Tloc       #.....       99%         3
 Spider Form              Tmut/Pois      #.........   99%         3
 Summon Guardian Golem    Hex/Summ       #.......     99%         3
 Teleport Other           Tloc           #.......     99%         3
 Tukima's Dance           Hex            #.......     99%         3
 Vampiric Draining        Necr           #.........   99%         3
 Animate Dead             Necr           #.........   100%        4
 Cause Fear               Hex            #.........   100%        4
 Dispel Undead            Necr           #.......     100%        4
 Fulminant Prism          Conj/Hex       #.........   100%        4
 Hailstorm                Conj/Ice       #.......     100%        4
 Ice Form                 Ice/Tmut       #.......     100%        4
 Iskenderun's Mystic Bla  Conj/Tloc      #.......     100%        4
 Leda's Liquefaction      Hex/Erth       #.........   100%        4
 Olgreb's Toxic Radiance  Pois           #.......     100%        4
 Petrify                  Tmut/Erth      #.......     100%        4
 Summon Ice Beast         Ice/Summ       #.......     100%        4
 Summon Lightning Spire   Summ/Air       #.......     100%        4
 Agony                    Necr           #.......     100%        5
 Blade Hands              Tmut           #.........   100%        5
 Bolt of Magma            Conj/Fire/Erth #.........   100%        5
 Borgnjor's Vile Clutch   Necr/Erth      #.........   100%        5
 Excruciating Wounds      Necr           #.........   100%        5
 Fireball                 Conj/Fire      #.........   100%        5
 Iskenderun's Battlesphe  Conj           #.......     100%        5
 Metabolic Englaciation   Hex/Ice        #.........   100%        5
 Summon Demon             Summ           #.........   100%        5
 Summon Forest            Summ/Tloc      #.........   100%        5
 Summon Mana Viper        Hex/Summ       #.......     100%        5
 Yara's Violent Unravell  Hex/Tmut       #.........   100%        5
 Death Channel            Necr           #.........   100%        6
 Eringya's Noxious Bog    Tmut/Pois      #.........   100%        6
 Freezing Cloud           Conj/Ice/Air   #.........   100%        6
 Iron Shot                Conj/Erth      #.........   100%        6
 Ozocubu's Refrigeration  Ice            #.........   100%        6
 Shadow Creatures         Summ           N/A          100%        6
 Simulacrum               Ice/Necr       #.........   100%        6
 Starburst                Conj/Fire      #.........   100%        6
 Haunt                    Necr/Summ      #.........   100%        7
 Orb of Destruction       Conj           #.........   100%        7
 Spellforged Servitor     Conj/Summ      #.........   100%        7
 Summon Hydra             Summ           #.........   100%        7
 Borgnjor's Revivificati  Necr           #.........   100%        8
 Controlled Blink         Tloc           N/A          100%        8
 Ignition                 Fire           #.........   100%        8
 Infestation              Necr           #.........   100%        8
 Necromutation            Tmut/Necr      #.........   100%        8
 Death's Door             Necr           #.........   100%        9
 Dragon's Call            Summ           #.........   100%        9


Dungeon Overview and Level Annotations

Branches:
Dungeon (15/15)            Temple (1/1) D:4            Lair (6/6) D:9
  Swamp (4/4) Lair:2        Snake (4/4) Lair:3        Slime (0/5) Lair:5
    Orc (2/2) D:11            Elf (3/3) Orc:2        Vaults (5/5) D:13
  Crypt (3/3) Vaults:2       Tomb (1/3) Crypt:3      Depths (0/5) D:15
  IceCv (visited)         Gauntlet (visited)

Altars:
Cheibriados
Dithmenos
Elyvilon
Gozag
Makhleb
Qazlal
Ru
Trog
Uskayaw
Vehumet
Wu Jian
Yredelemnul
The Shining One
Beogh

Shops:
D:11 *[   D:15 }:}   Orc:2 [[*}   Elf:1 (   Elf:3 :=?*   Vaults:3 *=*?}
Vaults:4 :   Vaults:5 [


Innate Abilities, Weirdness & Mutations

You are partially covered in iridescent scales. (AC +2)
You have a somewhat thin skeletal structure. (Dex +2, Stealth)
Your flesh is cold resistant. (rC+)
You are resistant to hostile enchantments. (MR+)
You are robust. (+10% HP)
You occasionally shout uncontrollably at your foes.
You are weak. (Str -2)
Your spells are a little easier to cast, but a little less powerful.
You expend magic power (3 MP) to strengthen your wands.


Message History

* * * LOW HITPOINT WARNING * * *
You are engulfed in dark miasma.
You feel your flesh rotting away!
You feel ill.
You feel as though you will be slow longer.
* * * LOW HITPOINT WARNING * * *
x2 You feel sick.
The flayed ghost stares at you with tortured malice.
The ettin skeleton hits you!
* * * LOW HITPOINT WARNING * * *
You block the ettin skeleton's attack.
The ushabti shakes and rattles.
The vile air hits the flayed ghost.
The vile air hits the freezing wraith but does no damage.
The vile air hits the ettin skeleton.
The vile air hits you but does no damage.
Unknown command.
You feel better.
You are engulfed in dark miasma.
You feel your flesh rotting away!
You die...

.............................
.............................
.........†$..................
.......††††..................
.............................
..............4M.............
...........................⌠.
............8WMM.............
.?......$.○§@ZW☼W8...........
..............○..ZM..........
..........................8..
.........................
..##################.... ..
#.8.. #.... #.... #.8..


You could see 2 mummy priests, a flayed ghost (summoned), 2 ushabtiu, 2 freezing
wraiths, a red devil (summoned), 2 mummies, a snapping turtle zombie (summoned)
and an ettin skeleton (summoned).

Vanquished Creatures
  Mara (Snake:4)
  An ancient lich (Crypt:3)
  Mennas (Crypt:3)
  A greater mummy (Tomb:1)
  Boris (twice) (Crypt:1 Crypt:3)
  Saint Roka (Snake:2)
  Margery (Crypt:3)
  A golden dragon (Vaults:5)
  A bone dragon (Crypt:3)
  5 liches
  Jorgrun (Snake:2)
  4 tentacled monstrosities (Vaults:5)
  A shard shrike skeleton (Crypt:2)
  Rupert (Lair:3)
  Asterion (Vaults:1)
  An ancient champion (Crypt:1)
  2 deep elf master archers (Elf:3)
  2 deep elf blademasters (Elf:3)
  2 titans (Vaults:5)
  2 tentacled starspawn (Abyss:3)
  9 sphinxes
  7 tengu reavers
  2 thorn hunters
  3 shadow dragons (Vaults:5)
  4 storm dragons (Vaults:5)
  8 nagarajas
  Donald (Snake:1)
  A fire giant (Vaults:3)
  The ghost of porkupine the Blocker, a journeyman MiAK of Lugonu (Swamp:1)
  A revenant (Tomb:1)
  An iron dragon (Vaults:5)
  Aizul (Vaults:3)
  11 vault wardens
  3 frost giants
  4 deep elf sorcerers (Elf:3)
  A cacodemon (Abyss:3)
  An orc warlord (Orc:1)
  7 ghouls (Crypt:2)
  A curse skull (Crypt:1)
  6 deep elf elementalists
  11 very ugly things
  8 war gargoyles
  9 stone giants
  10 ironheart preservers
  An entropy weaver (Vaults:4)
  6 deep elf demonologists
  6 vampire knights
  7 deep elf annihilators
  A minotaur (Gauntlet)
  10 ettins
  Azrael (Snake:3)
  2 green deaths (Swamp:4)
  9 deep elf death magi
  3 eidola
  A mummy priest (Tomb:1)
  A death ooze (Swamp:4)
  2 fire dragons
  A quicksilver dragon zombie (Crypt:3)
  2 crystal guardians (Crypt:3)
  11 yaktaur captains
  3 great orbs of eyes
  Erolcha (D:12)
  3 deep elf high priests
  13 jiangshi
  23 hydras
  33 vault guards
  13 naga warriors
  2 hell beasts (Swamp:4)
  10 anacondas
  4 centaur warriors
  5 ice dragons
  2 shambling mangroves (Swamp:3)
  6 ogre magi
  7 death knights
  2 ghost crabs
  7 alligators
  33 dancing weapons
  27 two-headed ogres
  4 death yaks (Lair:6)
  16 death scarabs (Tomb:1)
  3 deep troll shamans (Vaults:2)
  A tengu warrior (D:14)
  2 thrashing horrors
  A hell hog (Abyss:3)
  6 vampire magi
  10 naga sharpshooters
  2 titan zombies
  23 deep elf knights
  8 shock serpents
  Nergalle (D:11)
  3 soul eaters
  10 hell knights (Crypt:3)
  2 salamander mystics
  40 skeletal warriors
  Sonja (Lair:5)
  5 naga ritualists
  7 flayed ghosts
  A quicksilver dragon simulacrum (Crypt:1)
  16 deep trolls
  10 swamp dragons
  2 unseen horrors (Vaults:1)
  2 spriggan druids (Swamp:4)
  An anaconda zombie (Crypt:3)
  12 ironbrand convokers
  4 phantasmal warriors (Crypt:1)
  A lindwurm (Lair:3)
  8 orc knights
  3 harpies (shapeshifter)
  2 shadow dragon zombies
  11 necromancers
  5 wizards
  16 deep elf archers
  Pikel (D:6)
  3 large abominations
  72 deep elf magi
  3 harpies (Vaults:3)
  A stone giant zombie (Crypt:1)
  4 wolf spiders
  8 mana vipers
  51 ugly things
  6 oklob plants
  A fire giant zombie (Crypt:3)
  11 salamanders
  5 orc sorcerers
  3 elephants (Lair:3)
  5 manticores
  A moth of wrath (Gauntlet)
  7 cyclopes
  2 elephants (shapeshifter)
  32 black mambas
  An ice statue (IceCv)
  19 naga magi
  2 guardian serpents
  14 vault sentinels
  Maurice (D:9)
  A dire elephant zombie (Crypt:3)
  2 eyes of devastation (shapeshifter)
  3 orange demons (Swamp:4)
  A cane toad (shapeshifter) (Vaults:2)
  A smoke demon (Abyss:3)
  A gargoyle (D:12)
  A minotaur zombie (Gauntlet)
  9 cane toads
  An emperor scorpion zombie (Crypt:3)
  3 rime drakes
  19 freezing wraiths
  13 yaktaurs
  7 guardian mummies (Tomb:1)
  An efreet (Abyss:3)
  A sea snake skeleton (Crypt:2)
  8 komodo dragons
  2 yaktaurs (shapeshifter) (Vaults:1)
  A grey draconian skeleton (Crypt:2)
  A meliai (D:14)
  4 tengu conjurers
  8 hornets
  6 trolls
  7 tyrant leeches
  18 blink frogs
  A troll (shapeshifter) (Vaults:1)
  41 slime creatures
  An ettin zombie (Crypt:3)
  2 frost giant simulacra
  A blink frog (shapeshifter) (Vaults:3)
  A raiju (Abyss:3)
  10 hippogriffs
  13 bog bodies
  A fire dragon zombie (Crypt:1)
  5 dream sheep (Lair:4)
  A tarantella zombie (Crypt:2)
  A hydra skeleton (Crypt:1)
  48 flying skulls
  6 shadows
  2 ice dragon zombies
  4 spriggans
  2 air elementals (Elf:2)
  3 redbacks
  5 centaur simulacra
  2 alligator skeletons
  A fire dragon skeleton (Crypt:3)
  Sigmund (D:6)
  3 ettin skeletons
  48 yaks
  A ynoxinul (Abyss:3)
  11 wraiths
  A tarantella (Vaults:4)
  2 ushabtiu (Tomb:1)
  A steam dragon (Lair:6)
  2 water elementals
  3 wyverns
  A golden eye (shapeshifter) (Elf:1)
  5 fire elementals
  25 vampire mosquitoes
  10 basilisks
  14 wargs
  10 swamp worms
  A water nymph zombie (Crypt:1)
  3 insubstantial wisps (Swamp:1)
  6 acid dragons
  An acid dragon (shapeshifter) (Vaults:3)
  14 water moccasins
  A harpy simulacrum (Tomb:1)
  50 nagas
  A faun skeleton (Crypt:1)
  17 ice beasts
  4 hell hounds (Snake:3)
  2 black bears
  16 porcupines
  5 swamp drakes
  43 orc warriors
  A meliai simulacrum (Gauntlet)
  4 sky beasts
  8 necrophages
  A phantom (D:5)
  19 ogres
  17 centaurs
  10 boggarts
  A snapping turtle skeleton (Tomb:1)
  7 wolves
  16 crocodiles
  3 small abominations (Abyss:3)
  A manticore skeleton (Crypt:2)
  3 big kobolds
  Blork the orc (D:5)
  A wyvern zombie (D:11)
  A gnoll sergeant (D:7)
  18 bullfrogs
  An earth elemental (Elf:3)
  A water moccasin zombie (D:10)
  A wyvern skeleton (Crypt:2)
  5 scorpions
  11 killer bees
  A queen bee zombie (Crypt:2)
  A polar bear skeleton (Crypt:2)
  5 wights (D:10)
  4 howler monkeys
  A raiju skeleton (Crypt:2)
  A crimson imp (D:9)
  A lava snake (Snake:4)
  3 draconian simulacra (IceCv)
  15 centaur skeletons
  A human simulacrum (Vaults:2)
  A black bear zombie (Crypt:1)
  3 bullfrog zombies
  9 jellies
  A soldier ant zombie (Crypt:2)
  5 centaur zombies
  11 hounds
  18 orc priests
  6 iguanas
  35 orc wizards
  2 bullfrog skeletons
  Jessica (D:3)
  5 worker ants
  Ijyb (D:5)
  A demonspawn skeleton (Crypt:1)
  2 polar bear simulacra (IceCv)
  3 spriggan simulacra (IceCv)
  2 wolf simulacra (IceCv)
  7 troll simulacra (IceCv)
  A bullfrog simulacrum (Gauntlet)
  A crocodile zombie (Crypt:1)
  A dwarf skeleton (Crypt:2)
  An ogre skeleton (Crypt:1)
  A hound skeleton (D:5)
  4 mummies (Tomb:1)
  2 worker ant zombies
  7 gnolls
  14 adders
  3 ogre simulacra (IceCv)
  8 shadow imps
  13 white imps
  5 ufetubi
  A halfling zombie (Crypt:2)
  5 oozes
  2 adder skeletons
  3 worms
  4 dart slugs
  6 leopard geckos
  113 orcs
  6 giant cockroaches
  5 goblins
  3 hobgoblins
  3 jackals (D:3)
  24 kobolds
  5 quokkas
  A ball python (D:3)
  2 ball python skeletons
  9 bats
  8 frilled lizards
  A jackal skeleton (D:6)
  A leopard gecko skeleton (D:5)
  A quokka zombie (D:5)
  7 rats
  A briar patch (Swamp:2)
  3 crawling corpses (Elf:3)
  A fungus (Lair:6)
  7 plants
  2 starspawn tentacles (Abyss:3)
2027 creatures vanquished.

Vanquished Creatures (collateral kills)
  The ghost of Orra the Bludgeoner, an adept MiAK of Lugonu (D:15)
  A minotaur (D:14)
  A fire dragon (D:11)
  A death knight (D:14)
  The ghost of Kis Viuru the Frost Mage, a journeyman FeCK of Xom (D:14)
  A tengu warrior (D:14)
  A necromancer (D:15)
  A deep elf mage (D:15)
  An orc sorcerer (D:15)
  A centaur skeleton (D:11)
  A freezing wraith (D:14)
  A wolf spider simulacrum (D:15)
  5 meliai (D:14)
  A hippogriff (D:15)
  A vampire (D:11)
  2 wraiths (D:14)
  A vampire mosquito (Swamp:4)
  A naga (Snake:2)
  A crocodile (D:9)
  An ogre (D:14)
  A howler monkey (D:14)
26 creatures vanquished.

Vanquished Creatures (others)
  A nagaraja (Snake:4)
  A deep elf knight (Elf:2)
  2 deep elf magi (Elf:2)
  A naga mage (Snake:1)
  2 yaks (D:9)
  2 orcs
  A briar patch (Swamp:2)
  7 fungi
  10 plants
  2 starspawn tentacles (Abyss:3)
29 creatures vanquished.

Grand Total: 2082 creatures vanquished

Notes
Turn   | Place    | Note
-------+----------+-------------------------------------------
     0 | D:1      | Dorkslayer the Hill Orc Fighter began the quest for the
                  | Orb.
     0 | D:1      | Reached XP level 1. HP: 19/19 MP: 1/1
   173 | D:1      | Reached XP level 2. HP: 27/27 MP: 2/2
   719 | D:2      | Found a shadowy altar of Dithmenos.
   984 | D:2      | Reached XP level 3. HP: 32/33 MP: 3/3
  1114 | D:2      | Found a bloodstained altar of Trog.
  1119 | D:2      | Found an ornate altar of the Wu Jian Council.
  1207 | D:2      | Found a sacrificial altar of Ru.
  1323 | D:2      | Reached XP level 4. HP: 40/40 MP: 4/4
  1691 | D:3      | Found a stormy altar of Qazlal.
  1929 | D:3      | Reached skill level 4 in Fighting
  1929 | D:3      | Reached XP level 5. HP: 39/46 MP: 5/5
  2115 | D:3      | Reached skill level 1 in Dodging
  2166 | D:3      | Noticed Jessica
  2178 | D:3      | Killed Jessica
  2256 | D:3      | Reached XP level 6. HP: 45/52 MP: 6/6
  2317 | D:4      | Reached skill level 5 in Shields
  2671 | D:4      | Reached XP level 7. HP: 57/60 MP: 7/7
  2687 | D:4      | Found a staircase to the Ecumenical Temple.
  2723 | Temple   | Entered the Ecumenical Temple
  2737 | Temple   | Became a worshipper of the Shining One
  2794 | D:4      | Got an ancient spear
  2795 | D:4      | Identified the +3 spear "Hill Orc's Foe" {chaos, Str-3
                  | Int+6} (You found it on level 4 of the Dungeon)
  3032 | D:4      | Reached skill level 5 in Long Blades
  3301 | D:5      | Entered Level 5 of the Dungeon
  3346 | D:5      | Reached * piety under the Shining One
  3386 | D:5      | Reached skill level 5 in Fighting
  3455 | D:5      | Noticed Blork the orc
  3467 | D:5      | Killed Blork the orc
  3467 | D:5      | Reached skill level 1 in Throwing
  3467 | D:5      | Reached XP level 8. HP: 66/68 MP: 8/8
  3635 | D:5      | Noticed Ijyb
  3643 | D:5      | Killed Ijyb
  3643 | D:5      | Reached skill level 5 in Armour
  3771 | D:6      | Noticed Pikel
  3771 | D:6      | Reached ** piety under the Shining One
  3798 | D:6      | Killed Pikel
  3806 | D:6      | Reached XP level 9. HP: 51/75 MP: 9/9
  3877 | D:6      | Noticed Sigmund
  3888 | D:6      | Killed Sigmund
  3888 | D:6      | Reached skill level 6 in Fighting
  4923 | D:7      | Reached XP level 10. HP: 84/84 MP: 10/10
  4957 | D:7      | Found a snail-covered altar of Cheibriados.
  4976 | D:7      | Reached skill level 10 in Long Blades
  5049 | D:7      | Reached skill level 7 in Fighting
  5195 | D:7      | Reached *** piety under the Shining One
  5546 | D:8      | Found a hide-covered altar of Uskayaw.
  5631 | D:8      | Found a white marble altar of Elyvilon.
  5678 | D:8      | Found an opulent altar of Gozag.
  5705 | D:8      | Noticed a two-headed ogre
  5715 | D:8      | Killed a two-headed ogre
  5715 | D:8      | Reached skill level 8 in Fighting
  5793 | D:8      | Noticed a two-headed ogre
  5809 | D:8      | Killed a two-headed ogre
  5809 | D:8      | Reached skill level 10 in Shields
  5809 | D:8      | Reached skill level 1 in Invocations
  5809 | D:8      | Reached skill level 1 in Evocations
  5809 | D:8      | Reached XP level 11. HP: 69/94 MP: 10/12
  5980 | D:9      | Reached **** piety under the Shining One
  7002 | D:9      | Found a staircase to the Lair.
  7173 | D:9      | Found a burning altar of Makhleb.
  7197 | D:10     | Entered Level 10 of the Dungeon
  7211 | D:10     | Noticed Maurice
  7554 | D:9      | Killed Maurice
  7554 | D:9      | Reached skill level 9 in Fighting
  7877 | D:10     | Reached ***** piety under the Shining One
  8153 | D:11     | Noticed a manticore
  8162 | D:11     | Killed a manticore
  8175 | D:11     | Found Jeloghath's Assorted Antiques.
  8181 | D:11     | Found a gate leading to a gauntlet.
  8190 | Gauntlet | Entered a Gauntlet
  8190 | Gauntlet | Found a transporter.
  8193 | Gauntlet | Found a runed translucent gate.
  8193 | Gauntlet | Found a runed translucent gate.
  8193 | Gauntlet | Found a runed translucent gate.
  8193 | Gauntlet | Noticed an orb spider
  8202 | Gauntlet | an orb spider changed into a rime drake
  8203 | Gauntlet | Found a transporter.
  8207 | Gauntlet | Found a transporter.
  8212 | Gauntlet | Found a transporter.
  8218 | Gauntlet | Found a transporter.
  8222 | Gauntlet | Found a transporter.
  8226 | Gauntlet | Noticed a soul eater
  8228 | Gauntlet | Found a transporter.
  8234 | Gauntlet | Found a transporter.
  8238 | Gauntlet | Found a transporter.
  8240 | Gauntlet | Noticed a wizard
  8241 | Gauntlet | Noticed a wizard
  8250 | Gauntlet | Found a transporter.
  8250 | Gauntlet | Found a transporter.
  8257 | Gauntlet | Noticed a moth of wrath
  8258 | Gauntlet | Found a transporter.
  8279 | Gauntlet | Found a transporter.
  8283 | Gauntlet | Found a runed translucent door.
  8291 | Gauntlet | Found a transporter.
  8330 | Gauntlet | Noticed a manticore
  8355 | Gauntlet | a manticore changed into an eye of devastation
  8425 | Gauntlet | Killed a soul eater
  8425 | Gauntlet | Reached skill level 5 in Invocations
  8509 | Gauntlet | Killed a wizard
  8509 | Gauntlet | Reached XP level 12. HP: 101/104 MP: 11/15
  8710 | Gauntlet | Noticed a minotaur
  8738 | Gauntlet | Killed a minotaur
  8851 | D:11     | Bought a scroll of teleportation for 102 gold pieces
  8851 | D:11     | Bought a potion of curing for 102 gold pieces
  8851 | D:11     | Bought a potion of curing for 102 gold pieces
  8851 | D:11     | Bought a scroll labeled VUUPNUWUET for 34 gold pieces
  9236 | D:11     | Noticed a catoblepas
  9238 | D:11     | Noticed a fire dragon
  9242 | D:11     | Noticed Nergalle
  9339 | D:11     | HP: 5/105 [fire dragon/blast of flame (26)]
  9342 | D:11     | Killed a fire dragon
  9361 | D:11     | Identified a scroll of acquirement
  9361 | D:11     | Acquired a +0 pair of gloves of archery
  9390 | D:11     | Killed Nergalle
  9390 | D:11     | Reached skill level 5 in Evocations
  9438 | D:11     | Got a slimy lapis lazuli ring
  9453 | D:11     | Identified the Reference Book on Noxious Calling
  9501 | D:11     | Identified the ring "Caja" {*Slow +Inv rF+ Int+8 Dex-5}
                  | (You found it on level 11 of the Dungeon)
  9626 | D:11     | Found a staircase to the Orcish Mines.
  9857 | D:11     | Found Cheibriados's Comfort Zone.
  9857 | D:11     | Found a snail-covered altar of Cheibriados.
 10089 | Orc:1    | Entered Level 1 of the Orcish Mines
 10173 | Orc:2    | Entered Level 2 of the Orcish Mines
 10776 | Orc:1    | Noticed an orc warlord
 10817 | Orc:1    | Killed an orc warlord
 10817 | Orc:1    | Reached skill level 10 in Fighting
 10817 | Orc:1    | Reached XP level 13. HP: 49/113 MP: 15/18
 11152 | Orc:1    | Found a roughly hewn altar of Beogh.
 12101 | Orc:2    | Found Qeocoemm's Assorted Antiques.
 12101 | Orc:2    | Found Jaun's Antique Armour Emporium.
 12103 | Orc:2    | Found Isetsakhaiw's Antique Armour Shoppe.
 12105 | Orc:2    | Found Xasu's Gadget Boutique.
 12110 | Orc:2    | Bought an emerald potion for 28 gold pieces
 12110 | Orc:2    | Bought a scroll of teleportation for 96 gold pieces
 12110 | Orc:2    | Bought a wand of disintegration (11) for 128 gold pieces
 12110 | Orc:2    | Bought a potion of curing for 96 gold pieces
 12110 | Orc:2    | Bought a scroll of immolation for 112 gold pieces
 12119 | Orc:2    | Bought a scorched helmet for 323 gold pieces
 12129 | Orc:2    | Identified the +2 helmet of the Apothecary {+Fly rF+ rCorr
                  | Slay+2} (You bought it in a shop on level 2 of the Orcish
                  | Mines)
 12328 | Orc:2    | Found a staircase to the Elven Halls.
 12677 | D:12     | Gained mutation: Your spells are a little easier to cast,
                  | but a little less powerful. [potion of mutation]
 12677 | D:12     | Gained mutation: You are weak. (Str -2) [potion of
                  | mutation]
 12677 | D:12     | Gained mutation: You can translocate small distances at
                  | will. [potion of mutation]
 12677 | D:12     | Gained mutation: You are robust. (+10% HP) [potion of
                  | mutation]
 12678 | D:12     | Lost mutation: Your spells are a little easier to cast, but
                  | a little less powerful. [potion of mutation]
 12678 | D:12     | Lost mutation: You can translocate small distances at will.
                  | [potion of mutation]
 12678 | D:12     | Gained mutation: You expend magic power (3 MP) to
                  | strengthen your wands. [potion of mutation]
 12678 | D:12     | Gained mutation: You are resistant to hostile enchantments.
                  | (MR+) [potion of mutation]
 12678 | D:12     | Gained mutation: Your flesh is cold resistant. (rC+)
                  | [potion of mutation]
 12678 | D:12     | Gained mutation: You are partially covered in iridescent
                  | scales. (AC +2) [potion of mutation]
 13211 | D:12     | Noticed Erolcha
 13223 | D:12     | Killed Erolcha
 13395 | D:13     | Found a frozen archway.
 13460 | IceCv    | Entered an ice cave
 13482 | IceCv    | Reached ****** piety under the Shining One
 13950 | IceCv    | Found an ancient bone altar of Kikubaaqudgha.
 14483 | IceCv    | Reached XP level 14. HP: 100/134 MP: 21/21
 14575 | IceCv    | Identified the Volume of Ice
 14812 | D:13     | Reached skill level 11 in Fighting
 15259 | D:13     | Found a gate to the Vaults.
 15419 | D:14     | Reached skill level 10 in Invocations
 15744 | D:14     | Noticed Kis Viuru's ghost (journeyman FeCK)
 15766 | D:14     | Found a runed translucent gate.
 15766 | D:14     | Found a runed translucent gate.
 15766 | D:14     | Found a runed translucent gate.
 15779 | D:14     | Killed Kis Viuru's ghost
 16042 | D:15     | Entered Level 15 of the Dungeon
 16404 | D:15     | Found Tileor's Gadget Shoppe.
 16427 | D:15     | Upgraded the game from 0.26-a0-540-g8a0c946 to
                  | 0.26-a0-541-g3b3d21e
 16576 | D:15     | Found Vuhiyxzu's Gadget Boutique.
 17005 | D:15     | Found Roman's Book Emporium.
 17524 | D:15     | Found a large runed translucent door.
 17524 | D:15     | Found a large runed translucent door.
 17535 | D:15     | Noticed Orra's ghost (adept MiAK)
 17556 | D:15     | Cast into level 3 of the Abyss (Orra's ghost)
 17562 | Abyss:3  | Noticed a cacodemon
 17564 | Abyss:3  | Gained mutation: You have a somewhat thin skeletal
                  | structure. (Dex +2, Stealth) [a cacodemon]
 17569 | Abyss:3  | Gained mutation: You occasionally shout uncontrollably at
                  | your foes. [a cacodemon]
 17571 | Abyss:3  | Gained mutation: Your spells are a little easier to cast,
                  | but a little less powerful. [a cacodemon]
 17576 | Abyss:3  | Killed a cacodemon
 17589 | Abyss:3  | Reached XP level 15. HP: 90/145 MP: 18/23
 17593 | Abyss:3  | Noticed a tentacled starspawn
 17602 | Abyss:3  | Killed a tentacled starspawn
 17602 | Abyss:3  | Reached skill level 12 in Fighting
 17701 | Abyss:3  | Noticed a balrug
 17739 | Abyss:3  | Noticed a tentacled starspawn
 17742 | Abyss:3  | Killed a tentacled starspawn
 17744 | D:15     | Escaped the Abyss
 17974 | D:15     | Killed Orra's ghost
 18074 | D:15     | Found a staircase to the Depths.
 18083 | D:15     | Reached skill level 10 in Armour
 18354 | Lair:1   | Entered Level 1 of the Lair of Beasts
 18534 | Lair:1   | Identified Kipromn's Incunabulum of Translocation and
                  | Poisoning
 19503 | Lair:2   | Found a staircase to the Swamp.
 19642 | Lair:3   | Found a staircase to the Snake Pit.
 20229 | Lair:4   | Found an opulent altar of Gozag.
 20730 | Lair:4   | Reached skill level 1 in Stealth
 21079 | Lair:5   | Found a staircase to the Slime Pits.
 21256 | Lair:5   | Noticed Sonja
 21257 | Lair:5   | Killed Sonja
 21327 | Lair:5   | Reached XP level 16. HP: 134/155 MP: 25/25
 21438 | Lair:5   | Acquired a +0 kite shield of reflection
 21514 | Lair:6   | Entered Level 6 of the Lair of Beasts
 21607 | Lair:6   | Reached skill level 5 in Dodging
 21915 | Lair:6   | Reached skill level 10 in Evocations
 22074 | Lair:6   | Reached skill level 15 in Shields
 22574 | Snake:1  | Entered Level 1 of the Snake Pit
 22608 | Snake:1  | Reached skill level 13 in Fighting
 22627 | Snake:1  | Noticed Rupert
 23048 | Lair:3   | Killed Rupert
 23292 | Elf:1    | Entered Level 1 of the Elven Halls
 23329 | Elf:1    | Noticed a Brimstone Fiend
 23329 | Elf:1    | Noticed a Brimstone Fiend
 23334 | Elf:1    | Reached skill level 15 in Long Blades
 23810 | Elf:1    | Found Plog's Weapon Boutique.
 24168 | Elf:1    | Reached XP level 17. HP: 165/165 MP: 27/27
 24399 | Elf:1    | Identified Aciumma's Incunabulum of Summoning
 25021 | Elf:2    | Found a runed translucent gate.
 25021 | Elf:2    | Found a runed translucent gate.
 25021 | Elf:2    | Found a runed translucent gate.
 25180 | Elf:3    | Entered Level 3 of the Elven Halls
 25260 | Elf:3    | Found Foaw's Assorted Antiques.
 25260 | Elf:3    | Found Paerro's Book Shoppe.
 25261 | Elf:3    | Found Icoa's Magic Scroll Emporium.
 25263 | Elf:3    | Found Sysev's Jewellery Shoppe.
 25282 | Elf:3    | Bought a potion of curing for 102 gold pieces
 25293 | Elf:3    | Bought a scroll of enchant armour for 97 gold pieces
 25293 | Elf:3    | Bought a scroll of enchant armour for 97 gold pieces
 25979 | Elf:3    | Noticed a deep elf blademaster
 25984 | Elf:3    | Noticed a deep elf blademaster
 25986 | Elf:3    | Noticed a deep elf master archer
 25990 | Elf:3    | Killed a deep elf blademaster
 25990 | Elf:3    | Killed a deep elf blademaster
 25990 | Elf:3    | Reached skill level 14 in Fighting
 25991 | Elf:3    | Noticed a Tzitzimitl
 25994 | Elf:3    | Noticed a deep elf master archer
 25997 | Elf:3    | Killed a deep elf master archer
 26001 | Elf:3    | Killed a deep elf master archer
 26001 | Elf:3    | Reached XP level 18. HP: 173/176 MP: 24/29
 26001 | Elf:3    | Killed a ghostly deep elf master archer
 26012 | Elf:3    | Reached skill level 15 in Invocations
 26190 | Elf:3    | Got a heavily runed cloak
 26191 | Elf:3    | Identified the +2 cloak of Indemnity {rN++} (You found it
                  | on level 3 of the Elven Halls)
 26246 | Elf:3    | Got a faintly glowing falchion
 26247 | Elf:3    | Identified the +8 falchion of Vanity {freeze, SInv} (You
                  | found it on level 3 of the Elven Halls)
 26721 | Elf:3    | Got a crystal trident
 26722 | Elf:3    | Identified the +8 trident "Juaclagh" {holy, Str+6 Int+3
                  | Stlth+} (You found it on level 3 of the Elven Halls)
 26807 | Elf:3    | Bought a scroll of enchant weapon for 97 gold pieces
 27411 | Orc:2    | Bought a wand of iceblast (5) for 144 gold pieces
 27411 | Orc:2    | Bought a wand of iceblast (10) for 224 gold pieces
 27614 | Swamp:1  | Entered Level 1 of the Swamp
 27897 | Swamp:1  | Found a runed translucent door.
 27898 | Swamp:1  | Noticed porkupine's ghost (journeyman MiAK)
 27922 | Swamp:1  | Killed porkupine's ghost
 29071 | Swamp:3  | Reached XP level 19. HP: 182/184 MP: 27/30
 29072 | Swamp:3  | Got a pair of pitted gloves
 29120 | Swamp:3  | Identified the +2 pair of gloves of Dokkanie {Str-4 Int+7}
                  | (You found it on level 3 of the Swamp)
 29174 | Swamp:3  | Acquired a manual of Dodging
 29226 | Swamp:3  | Reached skill level 5 in Throwing
 29542 | Swamp:4  | Entered Level 4 of the Swamp
 29717 | Swamp:4  | Reached skill level 15 in Fighting
 29854 | Swamp:4  | Got a decaying rune of Zot
 30733 | Snake:1  | Acquired 2150 gold pieces
 31015 | Snake:2  | Noticed Saint Roka
 31030 | Snake:2  | Killed Saint Roka
 31062 | Snake:2  | Noticed Donald
 31319 | Snake:1  | Killed Donald
 31616 | Snake:2  | Noticed Jorgrun
 31655 | Snake:2  | Killed Jorgrun
 32013 | Snake:2  | Identified the cursed +2 long sword "Harid" {venom, Int+3
                  | SInv} (You found it on level 2 of the Snake Pit)
 32155 | Snake:3  | Noticed Azrael
 32180 | Snake:3  | Reached XP level 20. HP: 190/198 MP: 30/32
 32182 | Snake:3  | Killed Azrael
 32292 | Snake:3  | Reached skill level 16 in Fighting
 33103 | Snake:4  | Entered Level 4 of the Snake Pit
 33210 | Snake:4  | Noticed Mara
 33220 | Snake:4  | Noticed Dorkslayer's illusion
 33237 | Snake:4  | Killed Mara
 33237 | Snake:4  | Reached skill level 10 in Dodging
 34538 | Snake:4  | Got a serpentine rune of Zot
 34855 | Vaults:1 | Entered Level 1 of the Vaults
 35283 | Vaults:1 | Reached skill level 17 in Fighting
 35307 | Vaults:1 | Reached XP level 21. HP: 138/210 MP: 19/33
 35646 | Vaults:1 | Found a radiant altar of Vehumet.
 35647 | Vaults:1 | Found the +2 hat of the Bear Spirit {Spirit, +Rage rN+
                  | MR++}
 35675 | Vaults:1 | Found the +5 robe of Misfortune {*Contam Harm *Corrode
                  | *Drain *Slow EV+5}
 35792 | Vaults:1 | Noticed Asterion
 35815 | Vaults:1 | Killed Asterion
 36858 | Vaults:2 | Found a staircase to the Crypt.
 36957 | Vaults:2 | Reached skill level 10 in Throwing
 37199 | Vaults:2 | Reached skill level 18 in Fighting
 37741 | Vaults:3 | Found Hokkur's Gadget Shop.
 37970 | Vaults:3 | Reached XP level 22. HP: 222/222 MP: 35/35
 38026 | Vaults:3 | Found Ficka Xeac's Assorted Antiques.
 38085 | Vaults:3 | Acquired 570 gold pieces
 38113 | Vaults:3 | Bought 2 potions of heal wounds for 340 gold pieces
 38113 | Vaults:3 | Bought a scroll of identify for 68 gold pieces
 38113 | Vaults:3 | Bought a pair of runed boots for 255 gold pieces
 38122 | Vaults:3 | Identified a +1 pair of boots of running (You bought it in
                  | a shop on level 3 of the Vaults)
 38146 | Vaults:3 | Found Kiqua's Magic Scroll Emporium.
 38165 | Vaults:3 | Bought a scroll of identify for 44 gold pieces
 38165 | Vaults:3 | Bought 3 scrolls of magic mapping for 231 gold pieces
 38165 | Vaults:3 | Bought a scroll of blinking for 165 gold pieces
 38172 | Vaults:3 | Found Rabauxkaink's Jewellery Shoppe.
 38190 | Vaults:3 | Upgraded the game from 0.26-a0-541-g3b3d21e to
                  | 0.26-a0-542-gbaa144b
 38254 | Vaults:3 | Found Juorr's Assorted Antiques.
 38257 | Vaults:3 | Bought a potion of curing for 66 gold pieces
 38257 | Vaults:3 | Bought an encrusted bronze ring for 110 gold pieces
 38257 | Vaults:3 | Bought a potion of might for 88 gold pieces
 38608 | Vaults:3 | Noticed Aizul
 38639 | Vaults:3 | Reached skill level 15 in Armour
 38646 | Vaults:3 | Killed Aizul
 39759 | Vaults:4 | Found Rarhympae's Book Boutique.
 40175 | Vaults:4 | Reached skill level 19 in Fighting
 40658 | Vaults:5 | Entered Level 5 of the Vaults
 41048 | Vaults:5 | Reached XP level 23. HP: 195/234 MP: 36/36
 41150 | Vaults:5 | Identified the +1 plate armour of Ciruyrha {Str+3} (You
                  | found it on level 5 of the Vaults)
 41542 | Vaults:5 | Identified the +4 ring mail of Pekan {rElec}
 41826 | Vaults:5 | Found Etha's Antique Armour Shop.
 41859 | Vaults:5 | Reached skill level 20 in Fighting
 42233 | Vaults:5 | Got a silver rune of Zot
 42623 | Vaults:5 | Noticed a golden dragon
 42635 | Vaults:5 | Killed a golden dragon
 43229 | Crypt:1  | Entered Level 1 of the Crypt
 43242 | Crypt:1  | Noticed Boris
 43263 | Crypt:1  | Reached XP level 24. HP: 187/247 MP: 36/36
 43272 | Crypt:1  | Killed Boris
 44668 | Crypt:2  | Reached skill level 15 in Evocations
 45054 | Crypt:3  | Entered Level 3 of the Crypt
 45063 | Crypt:3  | Reached skill level 21 in Fighting
 45142 | Crypt:3  | Noticed Boris
 45163 | Crypt:3  | Killed Boris
 45293 | Crypt:3  | Noticed Mennas
 45364 | Crypt:3  | Killed Mennas
 45375 | Crypt:3  | Identified a +7 eudemon blade of holy wrath (a +5 demon
                  | blade blessed by the Shining One)
 45375 | Crypt:3  | Received a gift from the Shining One
 45498 | Crypt:3  | Noticed Margery
 45523 | Crypt:3  | Killed Margery
 45528 | Crypt:3  | Reached XP level 25. HP: 254/259 MP: 37/37
 45600 | Crypt:3  | Noticed an ancient lich
 45615 | Crypt:3  | Killed an ancient lich
 45694 | Crypt:3  | Found a basalt altar of Yredelemnul.
 45798 | Crypt:3  | Identified Kikubaaqudgha's Handbook of Unholy Rituals
 45932 | Crypt:3  | Found a staircase to the Tomb.
 45974 | Tomb:1   | Entered Level 1 of the Tomb of the Ancients
 46335 | Tomb:1   | Reached skill level 22 in Fighting
 46351 | Tomb:1   | Noticed a greater mummy
 46369 | Tomb:1   | Killed a greater mummy
 46369 | Tomb:1   | HP: 1/258 [ettin skeleton[a mummy priest] (17)]
 46370 | Tomb:1   | Engulfed by an ushabti's foul pestilence

Illustrated notes

Levels and vault maps discovered:
D:1:      heliophobic_arrival_enchanted_forest, layout_basic
D:2:      layout_basic, nicolae_overflow_crystal_walls, minitemple,
          nicolae_ru_path_of_blood
D:3:      layout_rooms, lemuel_crystal_altar, hangedman_decor_clover_reticule,
          kennysheep_path_1, uniq_jessica
D:4:      layout_basic, minmay_temple_entry_sparse_star
D:5:      layout_rooms, chequers_serial_rivers_micro_c, feat_on_display,
          uniq_ijyb, uniq_blork_the_orc
D:6:      minmay_chambers_of_sixes, layout_loops_cross, uniq_sigmund, uniq_pikel
D:7:      layout_loops_cross, slow_altar_2, item_on_display_a
D:8:      layout_rooms, lemuel_round_altar, grunt_gozag_statues,
          eat_drink_and_be_merry_uskayaw
D:9:      layout_layer_cave, makhleb_grotto_becter, minmay_lair_entry_grove,
          grunt_decor_cap
D:10:     minmay_spotlight, layout_rooms, uniq_maurice
D:11:     minmay_the_grid_triangle_9x9_recursive_2
          [minmay_the_grid_triangle_9x9_prize_center,
          minmay_the_grid_triangle_9x9_zippers_horizontal,
          minmay_the_grid_triangle_9x9_descending_squares,
          minmay_the_grid_triangle_9x9_wacky_v], layout_irregular_city,
          david_orc_4, serial_shops, nicolae_shop_overgrown_old_shop,
          gauntlet_entry_generic, minmay_shop_chei, uniq_nergalle
D:12:     layout_basic, moated_statue, nrook_uturn, minmay_misc_feat_chi,
          uniq_erolcha
D:13:     layout_long_grid, erik_vaults_1, portal_ice_cave_entry_ice_beasts
D:14:     layout_roguey, maelrawn_ghost_gauntlet_escape,
          minmay_staircase_statues_hall_small
D:15:     grunt_enter_depths_magical_seal, layout_layer_cave,
          ebering_ghost_disaster_area, serial_shops, shop,
          nicolae_shop_waterfront, shop_fountains, minivault_24,
          hangedman_decor_growths
Temple:   nicolae_temple_figure_eight
Lair:1:   layout_loops_ring, nicolae_quartered_pool_medium,
          serial_bayou_crossing
Lair:2:   layout_roguey, minmay_swamp_entry_swarm, st_stairs_3
Lair:3:   layout_misc_corridors, guppyfry_snake_entry_garden
Lair:4:   layout_gridlike, basic_altar, minmay_lair_oklob_chamber,
          grunt_megastairs_5
Lair:5:   layout_cave_pods, nicolae_slime_entry_slimehenge, minivault_27,
          uniq_sonja
Lair:6:   guppyfry_lair_end_dragon, layout_gridlike
Swamp:1:  layout_falls_marsh, ebering_ghost_inner_flame,
          evilmike_swamp_ruin_house_5, swamp_pool3
Swamp:2:  layout_basic_swamp, hangedman_swamp_pad, roderic_carrion_pond
Swamp:3:  layout_falls_marsh, evilmike_swamp_ruin_house_3
Swamp:4:  swamp_vile, layout_basic_swamp
Snake:1:  layout_onion_interference, uniq_rupert
Snake:2:  layout_onion_interference, guppyfry_library_mini, uniq_donald,
          uniq_jorgrun, uniq_saint_roka
Snake:3:  dpeg_oklob_gauntlet, layout_misc_corridors, grunt_megastairs_2,
          uniq_azrael
Snake:4:  minmay_snake_end_coiled, layout_basic, uniq_mara
Orc:1:    layout_diamond_mine, basic_altar, mines5_lemuel
Orc:2:    st_orc_rangers, layout_diamond_mine
Elf:1:    layout_geoelf_octagon, serial_shops, nicolae_shop_statue_plus,
          minmay_elf_demonology, drop_trap, hangedman_elven_ridges
Elf:2:    layout_onion_city
Elf:3:    elf_hall, layout_geoelf_grid, lemuel_flamethrower_2, minmay_shoptagon
Vaults:1: hangedman_vaults_stagger, v_misc_27, nicolae_vaults_little_ls,
          v_misc_27, ontoclasm_vaults_shuriken, grunt_tower_of_power,
          vaults_mumra_lcd, nicolae_vaults_big_ls, hangedman_vaults_river_flow,
          nicolae_vaults_network_square, ontoclasm_vaults_loading_screen,
          layout_vaults_ring, uniq_asterion
Vaults:2: v_pattern_1, minmay_crypt_entry_simple_statues, v_rooms_2,
          v_alt_pattern_6, vaults_room_stairs_pillars,
          ontoclasm_vaults_ligature, v_misc_31, v_rooms_4,
          layout_vaults_omnigrid
Vaults:3: nicolae_vaults_branching_niches, vaults_room_pool, grunt_vaults_focal,
          hangedman_vaults_slice, ontoclasm_vaults_pinch,
          ontoclasm_vaults_ring_large, nicolae_vaults_little_squares_5,
          vaults_room_corners, hangedman_vaults_locks, v_misc_3,
          ontoclasm_vaults_hangar, layout_vaults_big_room, serial_shops, shop,
          nicolae_shop_crystal, shop_scrolls, nicolae_shop_crystal,
          nicolae_shop_behind_doors, uniq_aizul
Vaults:4: hangedman_vaults_nodes, vaults_room_door_hall, v_alt_pattern_6,
          vaults_room_hallway, vaults_dpeg_doors, v_alt_pattern_2,
          vaults_room_door_hall, v_misc_23, v_misc_23, vaults_dpeg_ring,
          v_misc_1, layout_vaults_omnicross, serial_shops, shop_fountains
Vaults:5: serial_shops
Crypt:1:  layout_rooms, uniq_boris
Crypt:2:  layout_basic, serial_sigils_hangedman_confine
Crypt:3:  cryptofortress_bobbens, uniq_margery, uniq_mennas
Tomb:1

Skill      XL: |  1  2  3  4  5  6  7  8  9 10 11 12 13 14 15 16 17 18 19 20 21 22 23 24 25 |
---------------+----------------------------------------------------------------------------+-----
Armour         | 4 5 6 7 8 9 10 11 12 13 14 15 16 17 | 17.0
Long Blades    | 3 4 5 8 9 11 12 13 14 15 16 17 18 | 18.5
Shields        | 4 5 6 8 10 11 12 13 14 15 16 17 | 17.1
Fighting       | 4 5 6 8 9 10 11 12 13 14 15 17 18 19 20 21 22 | 22.0
Dodging        | 1 2 3 4 6 7 8 9 10 11 12 13 14 | 14.2
Throwing       | 1 2 3 4 7 9 10 11 12 13 | 13.7
Invocations    | 1 5 7 9 10 12 13 14 15 16 17 18 19 20 | 20.9
Evocations     | 1 3 5 7 8 9 10 11 12 13 14 15 | 15.4
Stealth        | 1 2 |  2.0

Action                   |  1- 3 |  4- 6 |  7- 9 | 10-12 | 13-15 | 16-18 | 19-21 | 22-24 | 25-27 || total
-------------------------+-------+-------+-------+-------+-------+-------+-------+-------+-------++-------
Melee: Long sword        |    71 |   202 |   305 |   928 |  1400 |   327 |       |       |       ||  3233
       Scimitar          |       |       |       |       |    54 |   483 |  1435 |  1501 |       ||  3473
       Falchion          |       |       |       |       |       |   131 |    64 |       |       ||   195
       Eudemon blade     |       |       |       |       |       |       |       |    36 |   175 ||   211
Throw: Boomerang         |       |     5 |    15 |    25 |    14 |       |       |       |       ||    59
       Throwing net      |       |       |       |     3 |       |       |       |       |       ||     3
       Javelin           |       |       |       |    15 |    41 |    60 |    41 |    24 |       ||   181
Invok: Divine Shield     |       |       |       |     9 |    14 |    24 |    57 |    51 |     4 ||   159
       Cleansing Flame   |       |       |       |     2 |     5 |    10 |    18 |    28 |     6 ||    69
       Summon Divine War |       |       |       |     1 |     2 |       |       |       |       ||     3
       Brand Weapon With |       |       |       |       |       |       |       |     1 |       ||     1
 Abil: Evoke Flight      |       |       |       |       |       |     8 |    10 |       |       ||    18
Evoke: Wand              |       |       |     3 |    22 |    21 |    28 |    43 |       |       ||   117
       Lightning rod     |       |       |       |     4 |    10 |    16 |     4 |       |       ||    34
       Tin of tremorston |       |       |       |       |     5 |     3 |     8 |    15 |       ||    31
       Box of beasts     |       |       |       |       |       |       |     1 |     4 |       ||     5
       Phantom mirror    |       |       |       |       |       |       |     1 |       |       ||     1
  Use: Scroll            |       |     4 |     7 |    21 |    11 |    13 |    10 |    14 |     1 ||    81
       Potion            |       |     2 |     2 |    11 |     6 |     5 |     3 |     4 |     5 ||    38
Armor: Scale mail        |    38 |    75 |       |       |       |       |       |       |       ||   113
       Chain mail        |       |    34 |   111 |   176 |       |       |       |       |       ||   321
       Plate armour      |       |       |       |   157 |   589 |   351 |   440 |   538 |    75 ||  2150
Dodge: Dodged            |    26 |    72 |    64 |   230 |   330 |   212 |   341 |   402 |    50 ||  1727
Block: Kite shield       |    43 |   121 |   161 |   603 |  1155 |   823 |  1909 |  2105 |   215 ||  7135
       Reflection        |       |       |       |       |       |    74 |   126 |    57 |       ||   257
       Rpst.: Long sword |     6 |    19 |    25 |    80 |    71 |    17 |       |       |       ||   218
       Scimitar          |       |       |       |       |     2 |    25 |    51 |    74 |       ||   152
       Falchion          |       |       |       |       |       |     7 |     3 |       |       ||    10
       Eudemon blade     |       |       |       |       |       |       |       |     2 |    14 ||    16

Table legend: (Time is in decaauts)
 A = Elapsed time spent in this place.
 B = Non-inter-level travel time spent in this place.
 C = Inter-level travel time spent in this place.
 D = Time resting spent in this place.
 E = Time spent auto-exploring this place.
 F = Levels seen in this place.
 G = Mean time per level.
                   A        B        C        D        E       F      G
               +--------+--------+--------+--------+--------+-----+--------+
         Total |  44547 |  43451 |   1096 |   7181 |    939 |  47 |  947.8 |
       Dungeon |  14004 |  13677 |    327 |   1745 |    387 |  15 |  933.6 |
        Temple |     23 |     23 |      0 |      0 |      0 |   1 |   23.0 |
          Lair |   4753 |   4443 |    310 |    455 |     18 |   6 |  792.2 |
         Swamp |   3083 |   2990 |     93 |    188 |     31 |   4 |  770.8 |
     Snake Pit |   3881 |   3762 |    119 |   1324 |     56 |   4 |  970.2 |
  Orcish Mines |   2587 |   2423 |    164 |    492 |      0 |   2 | 1293.5 |
   Elven Halls |   3928 |   3928 |      0 |    769 |      0 |   3 | 1309.3 |
        Vaults |   7611 |   7531 |     80 |   1105 |    213 |   5 | 1522.2 |
         Crypt |   2367 |   2367 |      0 |    172 |    234 |   3 |  789.0 |
          Tomb |    357 |    357 |      0 |    139 |      0 |   1 |  357.0 |
         Abyss |    174 |    174 |      0 |      0 |      0 |   1 |  174.0 |
      Ice Cave |   1188 |   1188 |      0 |    621 |      0 |   1 | 1188.0 |
      Gauntlet |    585 |    585 |      0 |    168 |      0 |   1 |  585.0 |
               +--------+--------+--------+--------+--------+-----+--------+

Top non-repeatable levels by time:
Vaults:5: 2185 daAuts
Vaults:3: 1762 daAuts
    D:15: 1661 daAuts
   Elf:3: 1607 daAuts
     D:9: 1529 daAuts
   Orc:2: 1494 daAuts
Vaults:1: 1488 daAuts
 Snake:4: 1443 daAuts
    D:11: 1387 daAuts
Vaults:2: 1276 daAuts
   Elf:1: 1243 daAuts
   IceCv: 1188 daAuts
   Orc:1: 1092 daAuts
   Elf:2: 1078 daAuts
 Swamp:4: 1041 daAuts
